AoeStats
← AntyDeath

Arabia

503578201Analyzed
1v1 RM · 1mo ago on Sep 1, 2026· 41m 17s· 2 players
Game mode
Random Map
Map size
Tiny (2 player)
Population
200
Speed
Normal
Resources
Standard
Victory
Conquest
Starting age
Dark Age
Ending age
Imperial Age
RankedLock teamsTeams togetherTeam positionsShared explorationLock speedFull tech treeHidden civsTurbo modeCheats
Victory
Defeat
🇷🇴 Mongols · Romania
757
+13
🇦🇺 Wu · Australia
702
-13
lucian
8:40 Loom
10:53 Feudal Age
15:22 Castle Age
15:21 Double-Bit Axe
15:47 Stone Mining
22:41 Bow Saw
22:31 Gold Mining
23:40 Fletching
26:39 Wheelbarrow
25:50 Town Watch
26:51 Horse Collar
38:39 Imperial Age
37:49 Gold Shaft Mining
37:52 Hand Cart
AntyDeath
11:06 Feudal Age
12:25 Horse Collar
12:53 Fletching
13:04 Padded Archer Armor
14:25 Double-Bit Axe
21:17 Castle Age
22:19 Elite Skirmisher
25:56 Forging
25:51 Scale Barding Armor
25:48 Scale Mail Armor
25:44 Bodkin Arrow
26:05 Leather Archer Armor
25:41 Pikeman
27:47 Squires
27:26 Pikeman
33:21 Chain Mail Armor
Connection lost

Rejoining the realm…

Still unreachable

The connection could not be restored.

Session expired

The server has moved on; the page needs a fresh start.